[ AOE2 MATCH · #477020991 ]
Team RMCelts vs Huns
[ REPLAY ANALYSIS · EXTRACTED FROM THE RECORDED GAME ]
Feudal
—
Castle
—
Imperial
—
| APM avg | 16.0 |
| APM peak | 40 |
| eAPM avg | 12.7 |
| Villagers / military | 136 / 201 |
Focus
⚔️ 44.1% · 🌾 55.9%
Spearman ×121 · Battering Ram ×32 · Woad Raider ×25 · Skirmisher ×16 · Trade Cart ×11 · Trebuchet (Packed) ×7
Feudal
13:12
Castle
21:39
Imperial
35:05
| APM avg | 25.6 |
| APM peak | 78 |
| eAPM avg | 11.3 |
| Villagers / military | 105 / 112 |
Focus
⚔️ 35.5% · 🌾 64.5%
Steppe Lancer ×102 · Trebuchet (Packed) ×10 · Unknown (1908) ×6
Feudal
14:33
Castle
21:39
Imperial
34:33
| APM avg | 9.6 |
| APM peak | 26 |
| eAPM avg | 8.6 |
| Villagers / military | 86 / 110 |
Focus
⚔️ 24.6% · 🌾 75.4%
Serjeant ×88 · Scorpion ×12 · Battering Ram ×8 · Monk ×2 · Trade Cart ×1
Feudal
14:01
Castle
28:14
Imperial
—
| APM avg | 15.2 |
| APM peak | 86 |
| eAPM avg | 3.9 |
| Villagers / military | 40 / 23 |
Focus
⚔️ 27.6% · 🌾 72.4%
Spearman ×14 · Militia ×9
Feudal
9:21
Castle
20:24
Imperial
37:46
| APM avg | 17.1 |
| APM peak | 40 |
| eAPM avg | 13.0 |
| Villagers / military | 145 / 75 |
Focus
⚔️ 23.8% · 🌾 76.2%
Tarkan ×58 · Spearman ×15 · Trade Cart ×13 · Monk ×2
Feudal
11:08
Castle
19:35
Imperial
37:23
| APM avg | 13.4 |
| APM peak | 37 |
| eAPM avg | 9.9 |
| Villagers / military | 101 / 62 |
Focus
⚔️ 30.8% · 🌾 69.2%
Spearman ×39 · Unknown (2579) ×34 · Skirmisher ×14 · Trade Cart ×10 · Unknown (2550) ×8 · Monk ×4
Feudal
12:18
Castle
16:14
Imperial
35:19
| APM avg | 20.8 |
| APM peak | 74 |
| eAPM avg | 10.4 |
| Villagers / military | 136 / 57 |
Focus
⚔️ 22.8% · 🌾 77.2%
Mangudai ×50 · Trebuchet (Packed) ×4 · Battering Ram ×2 · Monk ×1
Feudal
12:08
Castle
17:34
Imperial
31:55
| APM avg | 24.7 |
| APM peak | 61 |
| eAPM avg | 14.2 |
| Villagers / military | 98 / 2 |
Focus
⚔️ 32.3% · 🌾 67.7%
Unknown (1944) ×96 · Trade Cart ×29 · Unknown (1949) ×29 · Unknown (1942) ×9 · Mangonel ×1 · Battering Ram ×1
Match map
Resources at game start + every placement click. Thick line = wall · dashed box = detected house wall. 🟡 gold · ⚪ stone · 🟢 berries · 🔶 boar · ⭕ relic
Inputs per minute
— frizboum - - Pu_Wexa
Build order — frizboum
First 150 of 483 actions detected
| 0:01 | Create | Villager (Male) |
| 0:07 | Build | House |
| 0:09 | Build | House |
| 0:10 | Build | House |
| 0:27 | Research | Loom |
| 0:29 | Create | Villager (Male) |
| 0:29 | Create | Villager (Male) |
| 0:29 | Create | Villager (Male) |
| 0:42 | Build | House |
| 0:43 | Build | House |
| 0:44 | Build | House |
| 1:28 | Create | Villager (Male) |
| 2:10 | Create | Villager (Male) |
| 2:34 | Create | Villager (Male) |
| 3:05 | Create | Villager (Male) |
| 3:14 | Create | Villager (Male) |
| 3:59 | Build | Mill |
| 4:01 | Create | Villager (Male) |
| 4:01 | Create | Villager (Male) |
| 4:37 | Create | Villager (Male) |
| 5:07 | Create | Villager (Male) |
| 5:40 | Build | Lumber Camp |
| 6:02 | Create | Villager (Male) |
| 6:03 | Create | Villager (Male) |
| 6:10 | Create | Villager (Male) |
| 6:23 | Create | Villager (Male) |
| 6:38 | Create | Villager (Male) |
| 7:04 | Create | Villager (Male) |
| 7:06 | Create | Villager (Male) |
| 7:09 | Create | Villager (Male) |
| 7:53 | Build | Mining Camp |
| 8:58 | Research | Feudal Age |
| 9:09 | Build | Mining Camp |
| 9:30 | Build | House |
| 9:31 | Build | House |
| 9:35 | Build | House |
| 9:36 | Build | House |
| 9:39 | Build | House |
| 10:00 | Create | Villager (Male) |
| 10:01 | Create | Villager (Male) |
| 10:03 | Create | Villager (Male) |
| 10:31 | Build | Barracks |
| 11:36 | Research | Double-Bit Axe |
| 11:38 | Research | Horse Collar |
| 12:03 | Build | Farm |
| 12:04 | Build | Farm |
| 12:07 | Build | Farm |
| 12:11 | Create | Villager (Male) |
| 12:22 | Build | Farm |
| 12:23 | Build | Farm |
| 12:24 | Build | Farm |
| 12:29 | Build | Farm |
| 12:31 | Create | Villager (Male) |
| 13:00 | Create | Villager (Male) |
| 13:02 | Create | Villager (Male) |
| 13:06 | Create | Villager (Male) |
| 13:15 | Build | Farm |
| 13:18 | Build | Farm |
| 13:31 | Build | Farm |
| 14:00 | Create | Villager (Male) |
| 14:19 | Research | Wheelbarrow |
| 14:34 | Build | Farm |
| 14:50 | Create | Villager (Male) |
| 15:01 | Build | Blacksmith |
| 15:07 | Create | Villager (Male) |
| 15:27 | Create | Villager (Male) |
| 15:57 | Build | Market |
| 16:08 | Build | Lumber Camp |
| 17:02 | Build | Farm |
| 17:23 | Build | Farm |
| 17:45 | Build | Stone Wall |
| 17:50 | Build | Building 490 |
| 17:55 | Create | Villager (Male) |
| 18:10 | Research | Castle Age |
| 18:21 | Research | Fletching |
| 18:30 | Research | Gold Mining |
| 18:40 | Research | Stone Mining |
| 18:54 | Build | Mining Camp |
| 18:56 | Create | Villager (Male) |
| 19:12 | Build | House |
| 19:13 | Build | House |
| 19:14 | Build | House |
| 19:15 | Build | House |
| 19:24 | Create | Villager (Male) |
| 19:28 | Create | Trade Cart |
| 19:28 | Create | Trade Cart |
| 19:28 | Create | Trade Cart |
| 19:28 | Create | Trade Cart |
| 19:29 | Create | Trade Cart |
| 19:29 | Create | Trade Cart |
| 20:27 | Research | Forging |
| 20:28 | Research | Scale Mail Armor |
| 20:38 | Create | Villager (Male) |
| 20:38 | Create | Villager (Male) |
| 21:07 | Build | Town Center |
| 21:20 | Build | Town Center |
| 21:24 | Create | Villager (Male) |
| 21:27 | Research | Bodkin Arrow |
| 21:35 | Build | Farm |
| 21:38 | Build | Farm |
| 21:52 | Build | Farm |
| 21:56 | Create | Villager (Male) |
| 22:11 | Research | Bow Saw |
| 22:35 | Research | Heavy Plow |
| 22:44 | Create | Villager (Male) |
| 23:13 | Create | Villager (Male) |
| 23:13 | Create | Villager (Male) |
| 23:24 | Build | University |
| 23:29 | Create | Villager (Male) |
| 23:47 | Create | Villager (Male) |
| 23:47 | Create | Villager (Male) |
| 23:48 | Create | Villager (Male) |
| 23:48 | Create | Villager (Male) |
| 23:48 | Create | Villager (Male) |
| 24:21 | Build | House |
| 24:22 | Build | House |
| 24:24 | Build | House |
| 24:25 | Build | House |
| 24:27 | Build | House |
| 24:41 | Create | Villager (Male) |
| 24:43 | Create | Villager (Male) |
| 24:44 | Create | Villager (Male) |
| 25:05 | Create | Villager (Male) |
| 25:05 | Create | Villager (Male) |
| 25:05 | Create | Villager (Male) |
| 25:06 | Create | Villager (Male) |
| 25:06 | Create | Villager (Male) |
| 25:13 | Create | Villager (Male) |
| 25:37 | Build | Siege Workshop |
| 25:39 | Create | Villager (Male) |
| 25:42 | Create | Villager (Male) |
| 25:42 | Create | Villager (Male) |
| 25:55 | Research | Gold Shaft Mining |
| 26:00 | Build | Farm |
| 26:35 | Create | Villager (Male) |
| 26:35 | Create | Villager (Male) |
| 26:37 | Create | Villager (Male) |
| 26:43 | Create | Battering Ram |
| 26:43 | Create | Battering Ram |
| 26:52 | Create | Battering Ram |
| 26:58 | Create | Villager (Male) |
| 26:58 | Create | Villager (Male) |
| 26:58 | Create | Villager (Male) |
| 27:05 | Create | Villager (Male) |
| 27:27 | Research | Fortified Wall (upgrade) |
| 27:50 | Create | Villager (Male) |
| 27:50 | Create | Villager (Male) |
| 27:54 | Create | Battering Ram |
| 27:54 | Create | Battering Ram |
| 27:54 | Create | Battering Ram |
Build order — Pu_Wexa
First 150 of 335 actions detected
| 0:07 | Create | Villager (Male) |
| 0:07 | Create | Villager (Male) |
| 0:08 | Create | Villager (Male) |
| 0:08 | Create | Villager (Male) |
| 0:08 | Create | Villager (Male) |
| 0:19 | Build | House |
| 0:21 | Build | House |
| 0:22 | Build | House |
| 0:24 | Build | House |
| 2:20 | Create | Villager (Male) |
| 2:20 | Create | Villager (Male) |
| 2:20 | Create | Villager (Male) |
| 3:01 | Create | Villager (Male) |
| 3:02 | Create | Villager (Male) |
| 4:39 | Create | Villager (Male) |
| 4:39 | Create | Villager (Male) |
| 4:39 | Create | Villager (Male) |
| 4:40 | Create | Villager (Male) |
| 4:40 | Create | Villager (Male) |
| 6:01 | Create | Villager (Male) |
| 6:02 | Create | Villager (Male) |
| 6:02 | Create | Villager (Male) |
| 7:04 | Create | Villager (Male) |
| 7:04 | Create | Villager (Male) |
| 7:06 | Create | Villager (Male) |
| 7:07 | Create | Villager (Male) |
| 7:32 | Build | Mill |
| 9:47 | Create | Villager (Male) |
| 9:48 | Create | Villager (Male) |
| 9:48 | Create | Villager (Male) |
| 10:06 | Build | Lumber Camp |
| 10:38 | Research | Feudal Age |
| 11:02 | Build | Mining Camp |
| 11:25 | Build | Mining Camp |
| 11:49 | Build | Farm |
| 11:51 | Build | Farm |
| 11:54 | Build | Farm |
| 12:15 | Build | Farm |
| 12:55 | Build | Farm |
| 13:12 | Age | Feudal Age |
| 13:23 | Build | Farm |
| 13:44 | Research | Loom |
| 13:45 | Research | Wheelbarrow |
| 13:50 | Create | Villager (Male) |
| 13:51 | Create | Villager (Male) |
| 13:51 | Create | Villager (Male) |
| 13:51 | Create | Villager (Male) |
| 13:51 | Create | Villager (Male) |
| 13:52 | Create | Villager (Male) |
| 14:18 | Build | Farm |
| 14:38 | Research | Town Watch |
| 15:08 | Build | House |
| 15:10 | Build | House |
| 15:18 | Build | House |
| 15:59 | Build | Market |
| 16:10 | Build | Blacksmith |
| 17:13 | Build | Farm |
| 17:17 | Build | Farm |
| 17:19 | Build | Farm |
| 17:20 | Build | Farm |
| 17:27 | Create | Villager (Male) |
| 17:27 | Create | Villager (Male) |
| 18:26 | Build | Barracks |
| 18:36 | Research | Castle Age |
| 19:19 | Build | Farm |
| 19:26 | Create | Villager (Male) |
| 19:27 | Create | Villager (Male) |
| 19:27 | Create | Villager (Male) |
| 19:27 | Create | Villager (Male) |
| 19:34 | Build | Mining Camp |
| 19:40 | Create | Villager (Male) |
| 19:40 | Create | Villager (Male) |
| 19:40 | Create | Villager (Male) |
| 19:41 | Create | Villager (Male) |
| 19:51 | Research | Horse Collar |
| 19:55 | Research | Double-Bit Axe |
| 20:03 | Research | Gold Mining |
| 20:16 | Research | Stone Mining |
| 20:23 | Build | House |
| 20:26 | Build | House |
| 20:27 | Build | House |
| 20:30 | Build | House |
| 21:39 | Age | Castle Age |
| 21:58 | Build | Town Center |
| 22:59 | Research | Bow Saw |
| 23:39 | Create | Villager (Male) |
| 23:39 | Create | Villager (Male) |
| 23:47 | Create | Villager (Male) |
| 23:47 | Create | Villager (Male) |
| 23:47 | Create | Villager (Male) |
| 23:47 | Create | Villager (Male) |
| 23:48 | Create | Villager (Male) |
| 23:48 | Create | Villager (Male) |
| 23:48 | Create | Villager (Male) |
| 23:48 | Create | Villager (Male) |
| 24:02 | Build | House |
| 24:04 | Build | House |
| 24:07 | Build | House |
| 24:29 | Research | Town Watch |
| 25:14 | Build | Farm |
| 25:19 | Research | Heavy Plow |
| 26:34 | Build | Castle |
| 27:45 | Build | Town Center |
| 28:04 | Build | Stable |
| 28:05 | Build | Stable |
| 28:08 | Build | Stable |
| 28:13 | Build | Stable |
| 28:15 | Build | Stable |
| 28:29 | Create | Unit 1908 |
| 28:29 | Create | Unit 1908 |
| 28:29 | Create | Unit 1908 |
| 28:30 | Create | Unit 1908 |
| 28:30 | Create | Unit 1908 |
| 28:30 | Create | Unit 1908 |
| 29:01 | Research | Husbandry |
| 29:04 | Create | Steppe Lancer |
| 29:04 | Create | Steppe Lancer |
| 29:04 | Create | Steppe Lancer |
| 29:05 | Create | Steppe Lancer |
| 29:08 | Research | Bloodlines |
| 31:17 | Build | Town Center |
| 31:47 | Create | Villager (Male) |
| 31:47 | Create | Villager (Male) |
| 31:48 | Create | Villager (Male) |
| 31:48 | Create | Villager (Male) |
| 31:48 | Create | Villager (Male) |
| 31:48 | Create | Villager (Male) |
| 31:55 | Research | Imperial Age |
| 32:05 | Create | Villager (Male) |
| 32:05 | Create | Villager (Male) |
| 32:05 | Create | Villager (Male) |
| 32:06 | Create | Villager (Male) |
| 32:06 | Create | Villager (Male) |
| 32:58 | Build | Farm |
| 33:01 | Build | Farm |
| 33:02 | Build | Farm |
| 33:04 | Build | Farm |
| 33:05 | Build | Farm |
| 33:07 | Build | Farm |
| 33:08 | Build | Farm |
| 33:36 | Create | Villager (Male) |
| 33:36 | Create | Villager (Male) |
| 33:36 | Create | Villager (Male) |
| 33:37 | Create | Villager (Male) |
| 33:37 | Create | Villager (Male) |
| 33:38 | Create | Villager (Male) |
| 33:47 | Build | Farm |
| 33:49 | Build | Farm |
| 33:52 | Build | Farm |
| 33:54 | Build | Farm |
Build order — bouba13012
First 150 of 282 actions detected
| 0:14 | Create | Villager (Male) |
| 0:14 | Research | Loom |
| 0:16 | Create | Villager (Male) |
| 0:16 | Create | Villager (Male) |
| 0:17 | Create | Villager (Male) |
| 0:33 | Build | House |
| 0:35 | Build | House |
| 0:36 | Build | House |
| 0:38 | Build | House |
| 0:43 | Build | House |
| 0:45 | Build | House |
| 1:58 | Create | Villager (Male) |
| 2:55 | Create | Villager (Male) |
| 3:20 | Create | Villager (Male) |
| 3:47 | Build | Mill |
| 3:56 | Create | Villager (Male) |
| 4:16 | Create | Villager (Male) |
| 5:05 | Create | Villager (Male) |
| 5:28 | Create | Villager (Male) |
| 6:08 | Create | Villager (Male) |
| 6:08 | Create | Villager (Male) |
| 6:47 | Build | Lumber Camp |
| 6:57 | Create | Villager (Male) ×2 |
| 7:37 | Create | Villager (Male) |
| 7:37 | Create | Villager (Male) |
| 7:38 | Create | Villager (Male) |
| 7:38 | Create | Villager (Male) |
| 7:39 | Create | Villager (Male) |
| 8:13 | Create | Villager (Male) |
| 8:13 | Create | Villager (Male) |
| 8:53 | Build | Mining Camp |
| 9:39 | Build | Mining Camp |
| 9:52 | Build | Donjon |
| 10:00 | Create | Villager (Male) ×5 |
| 10:30 | Build | Farm |
| 10:32 | Build | Farm |
| 10:34 | Build | Farm |
| 10:41 | Build | Farm |
| 11:52 | Build | Farm |
| 11:53 | Build | Farm |
| 12:02 | Build | Farm |
| 12:04 | Build | Farm |
| 12:19 | Research | Feudal Age |
| 12:22 | Create | Villager (Male) |
| 12:35 | Build | Farm |
| 12:41 | Build | Farm |
| 13:04 | Build | Farm |
| 13:16 | Create | Villager (Male) |
| 13:16 | Create | Villager (Male) |
| 14:15 | Build | Farm |
| 14:30 | Build | Lumber Camp |
| 14:33 | Age | Feudal Age |
| 14:37 | Research | Horse Collar |
| 14:40 | Research | Double-Bit Axe |
| 14:46 | Research | Stone Mining |
| 14:52 | Research | Gold Mining |
| 14:58 | Create | Villager (Male) |
| 16:02 | Build | Market |
| 16:13 | Build | Blacksmith |
| 16:26 | Build | Farm |
| 16:42 | Create | Villager (Male) ×5 |
| 16:57 | Build | House |
| 17:00 | Build | House |
| 17:01 | Build | House |
| 17:02 | Build | House |
| 17:04 | Build | House |
| 17:06 | Build | House |
| 17:07 | Build | House |
| 17:09 | Build | House |
| 17:10 | Build | House |
| 17:11 | Build | House |
| 17:12 | Build | House |
| 17:14 | Build | House |
| 18:45 | Build | Mill |
| 18:49 | Build | Farm |
| 18:50 | Build | Farm |
| 18:58 | Research | Castle Age |
| 19:02 | Create | Villager (Male) |
| 19:09 | Build | Farm |
| 19:34 | Create | Serjeant |
| 19:34 | Create | Serjeant |
| 20:01 | Build | Donjon |
| 20:16 | Research | Scale Mail Armor |
| 20:18 | Research | Fletching |
| 20:26 | Research | Forging |
| 20:43 | Build | Farm |
| 20:45 | Build | Farm |
| 20:51 | Create | Villager (Male) |
| 20:51 | Create | Villager (Male) |
| 21:39 | Age | Castle Age |
| 21:46 | Build | Town Center |
| 22:11 | Build | Monastery |
| 22:32 | Build | University |
| 22:39 | Create | Villager (Male) ×5 |
| 22:46 | Build | Farm |
| 22:48 | Build | Farm |
| 22:56 | Build | Farm |
| 22:58 | Build | Farm |
| 23:18 | Create | Villager (Male) ×5 |
| 23:22 | Build | Farm |
| 23:29 | Build | Farm |
| 23:42 | Create | Villager (Male) ×5 |
| 23:59 | Build | Mining Camp |
| 24:06 | Build | Farm |
| 24:20 | Build | Farm |
| 24:32 | Build | Farm |
| 25:06 | Research | Iron Casting |
| 25:07 | Research | Bodkin Arrow |
| 25:09 | Research | Chain Mail Armor |
| 25:12 | Create | Monk |
| 25:42 | Research | Masonry |
| 26:14 | Build | Donjon |
| 26:31 | Create | Villager (Male) ×5 |
| 26:43 | Build | Farm |
| 26:52 | Build | Farm |
| 26:58 | Build | Farm |
| 27:07 | Create | Villager (Male) |
| 27:07 | Create | Villager (Male) |
| 27:08 | Create | Villager (Male) |
| 27:16 | Research | Gold Shaft Mining |
| 27:17 | Research | Stone Shaft Mining |
| 27:22 | Research | Bow Saw |
| 27:43 | Build | Farm |
| 27:53 | Research | Heavy Plow |
| 28:11 | Build | Farm |
| 28:16 | Research | Fervor |
| 28:18 | Research | Herbal Medicine |
| 28:33 | Build | Castle |
| 28:38 | Build | House |
| 28:40 | Build | House |
| 28:43 | Build | House |
| 28:52 | Build | House |
| 28:53 | Build | House |
| 28:54 | Build | House |
| 28:57 | Build | House |
| 28:59 | Build | House |
| 29:02 | Build | House |
| 29:04 | Build | House |
| 29:06 | Build | House |
| 29:07 | Build | House |
| 29:09 | Build | House |
| 29:10 | Build | House |
| 29:11 | Build | House |
| 29:13 | Build | House |
| 29:14 | Build | House |
| 29:15 | Build | House |
| 29:18 | Build | House |
| 29:20 | Build | House |
| 29:21 | Build | House |
| 29:24 | Build | House |
Build order — GR EU NATO
108 actions detected in the replay
| 0:19 | Create | Villager (Male) |
| 0:20 | Create | Villager (Male) |
| 0:20 | Create | Villager (Male) |
| 0:26 | Build | House |
| 0:29 | Build | House |
| 0:40 | Create | Villager (Male) |
| 0:40 | Create | Villager (Male) |
| 2:43 | Create | Villager (Male) |
| 2:44 | Create | Villager (Male) |
| 2:44 | Create | Villager (Male) |
| 3:24 | Create | Villager (Male) |
| 3:24 | Create | Villager (Male) |
| 4:36 | Create | Villager (Male) |
| 4:37 | Create | Villager (Male) |
| 4:37 | Create | Villager (Male) |
| 5:07 | Build | House |
| 5:09 | Build | House |
| 5:11 | Build | House |
| 6:08 | Research | Loom |
| 7:59 | Build | Mill |
| 8:56 | Create | Villager (Male) |
| 8:56 | Create | Villager (Male) |
| 8:57 | Create | Villager (Male) |
| 8:57 | Create | Villager (Male) |
| 8:57 | Create | Villager (Male) |
| 8:58 | Create | Villager (Male) |
| 8:58 | Create | Villager (Male) |
| 8:58 | Create | Villager (Male) |
| 9:24 | Build | Lumber Camp |
| 9:46 | Create | Villager (Male) |
| 9:46 | Create | Villager (Male) |
| 9:47 | Create | Villager (Male) |
| 9:47 | Create | Villager (Male) |
| 9:47 | Create | Villager (Male) |
| 11:37 | Build | Mill |
| 11:41 | Research | Feudal Age |
| 12:02 | Build | Mining Camp |
| 12:58 | Build | Barracks |
| 14:01 | Age | Feudal Age |
| 14:08 | Create | Villager (Male) |
| 14:08 | Create | Villager (Male) |
| 14:08 | Create | Villager (Male) |
| 14:09 | Create | Villager (Male) |
| 14:09 | Create | Villager (Male) |
| 14:10 | Create | Villager (Male) |
| 14:10 | Create | Villager (Male) |
| 14:10 | Create | Villager (Male) |
| 14:32 | Create | Militia |
| 14:32 | Create | Militia |
| 14:32 | Create | Militia |
| 14:56 | Research | Man-at-Arms (upgrade) |
| 14:59 | Create | Spearman |
| 15:00 | Create | Spearman |
| 15:53 | Build | House |
| 15:55 | Build | House |
| 15:58 | Build | House |
| 16:00 | Build | House |
| 16:16 | Research | Double-Bit Axe |
| 16:29 | Create | Spearman |
| 16:29 | Create | Militia |
| 16:30 | Create | Spearman |
| 16:41 | Build | Blacksmith |
| 17:32 | Create | Villager (Male) |
| 17:32 | Create | Villager (Male) |
| 17:32 | Create | Villager (Male) |
| 17:33 | Create | Villager (Male) |
| 17:33 | Create | Villager (Male) |
| 17:33 | Create | Villager (Male) |
| 17:59 | Build | Market |
| 18:08 | Research | Scale Mail Armor |
| 18:17 | Create | Militia |
| 19:10 | Build | Mill |
| 20:37 | Research | Horse Collar |
| 20:48 | Create | Militia |
| 20:48 | Create | Militia |
| 20:48 | Create | Militia |
| 20:49 | Create | Militia |
| 21:31 | Build | Farm |
| 21:41 | Build | Farm |
| 21:54 | Research | Gold Mining |
| 22:18 | Build | Farm |
| 22:37 | Build | Farm |
| 22:53 | Build | Farm |
| 23:02 | Build | Farm |
| 23:36 | Build | Farm |
| 23:40 | Build | Farm |
| 23:46 | Build | Farm |
| 23:51 | Build | Farm |
| 23:58 | Build | Farm |
| 24:04 | Build | Farm |
| 25:12 | Build | Farm |
| 25:34 | Research | Castle Age |
| 26:15 | Build | Mill |
| 28:14 | Age | Castle Age |
| 28:33 | Research | Stone Mining |
| 28:45 | Research | Pikeman (upgrade) |
| 28:46 | Create | Spearman |
| 28:47 | Create | Spearman |
| 28:47 | Create | Spearman |
| 28:47 | Create | Spearman |
| 28:48 | Create | Spearman |
| 28:48 | Create | Spearman |
| 28:48 | Create | Spearman |
| 28:48 | Create | Spearman |
| 28:49 | Create | Spearman |
| 28:49 | Create | Spearman |
| 28:55 | Research | Pikeman (upgrade) |
| 29:16 | Build | Barracks |
Build order — Soldaris
First 150 of 372 actions detected
| 0:03 | Create | Villager (Male) |
| 0:03 | Create | Villager (Male) |
| 0:04 | Create | Villager (Male) |
| 0:25 | Create | Villager (Male) |
| 1:40 | Create | Villager (Male) |
| 1:53 | Research | Loom |
| 2:16 | Create | Villager (Male) |
| 3:04 | Create | Villager (Male) |
| 3:04 | Create | Villager (Male) |
| 3:37 | Build | Lumber Camp |
| 3:48 | Create | Villager (Male) |
| 4:04 | Create | Villager (Male) |
| 4:28 | Create | Villager (Male) |
| 4:50 | Create | Villager (Male) |
| 5:04 | Create | Villager (Male) |
| 5:16 | Create | Villager (Male) |
| 5:36 | Create | Villager (Male) |
| 6:07 | Build | Mill |
| 6:08 | Create | Villager (Male) |
| 6:24 | Create | Villager (Male) |
| 7:11 | Research | Feudal Age |
| 7:38 | Create | Villager (Male) |
| 9:21 | Age | Feudal Age |
| 9:22 | Research | Double-Bit Axe |
| 9:59 | Research | Wheelbarrow |
| 10:04 | Create | Villager (Male) |
| 10:55 | Build | Mining Camp |
| 10:58 | Build | Farm |
| 10:59 | Build | Farm |
| 11:01 | Research | Horse Collar |
| 11:06 | Build | Farm |
| 11:26 | Research | Gold Mining |
| 11:31 | Build | Blacksmith |
| 11:43 | Build | Farm |
| 11:49 | Build | Farm |
| 11:50 | Build | Farm |
| 11:59 | Create | Villager (Male) |
| 12:05 | Build | Farm |
| 12:48 | Build | Market |
| 12:51 | Create | Villager (Male) |
| 13:03 | Create | Villager (Male) |
| 13:20 | Create | Villager (Male) |
| 13:40 | Build | Mining Camp |
| 13:49 | Create | Villager (Male) |
| 13:59 | Build | Mining Camp |
| 14:09 | Build | Farm |
| 14:13 | Create | Villager (Male) |
| 14:41 | Build | Farm |
| 14:47 | Create | Villager (Male) |
| 14:59 | Build | Farm |
| 15:03 | Research | Stone Mining |
| 15:06 | Create | Villager (Male) |
| 15:54 | Create | Villager (Male) |
| 15:59 | Create | Villager (Male) |
| 16:40 | Build | Farm |
| 16:45 | Build | Farm |
| 16:48 | Create | Villager (Male) |
| 16:55 | Build | Farm |
| 17:03 | Create | Villager (Male) |
| 17:44 | Research | Castle Age |
| 18:31 | Create | Trade Cart |
| 20:14 | Create | Villager (Male) |
| 20:24 | Age | Castle Age |
| 20:25 | Research | Bow Saw |
| 20:27 | Research | Heavy Plow |
| 20:45 | Build | Town Center |
| 20:57 | Create | Villager (Male) |
| 20:57 | Create | Villager (Male) |
| 21:07 | Research | Gold Shaft Mining |
| 21:25 | Create | Villager (Male) |
| 21:39 | Create | Villager (Male) |
| 21:39 | Create | Villager (Male) |
| 21:57 | Create | Villager (Male) |
| 22:28 | Create | Villager (Male) |
| 22:28 | Create | Villager (Male) |
| 22:30 | Create | Villager (Male) |
| 22:46 | Create | Villager (Male) |
| 22:48 | Create | Villager (Male) |
| 23:20 | Create | Villager (Male) |
| 23:23 | Research | Hand Cart |
| 23:40 | Create | Villager (Male) |
| 23:42 | Create | Villager (Male) |
| 23:47 | Create | Villager (Male) |
| 23:48 | Create | Villager (Male) |
| 24:21 | Build | University |
| 24:29 | Create | Villager (Male) |
| 24:49 | Create | Villager (Male) |
| 24:50 | Create | Villager (Male) |
| 25:02 | Create | Villager (Male) |
| 25:10 | Build | Farm |
| 25:14 | Build | Town Center |
| 25:16 | Create | Villager (Male) |
| 25:38 | Research | Fletching |
| 25:43 | Research | Murder Holes |
| 25:47 | Create | Villager (Male) |
| 25:48 | Create | Villager (Male) |
| 25:49 | Create | Villager (Male) |
| 26:02 | Build | Mining Camp |
| 26:20 | Build | Castle |
| 26:47 | Create | Villager (Male) |
| 26:49 | Create | Villager (Male) |
| 26:49 | Create | Villager (Male) |
| 26:59 | Build | Monastery |
| 27:04 | Build | Farm |
| 27:07 | Build | Farm |
| 27:08 | Build | Farm |
| 27:15 | Build | Farm |
| 27:17 | Build | Farm |
| 27:18 | Build | Farm |
| 27:28 | Research | Bodkin Arrow |
| 27:30 | Create | Villager (Male) |
| 27:31 | Create | Villager (Male) |
| 27:31 | Create | Villager (Male) |
| 27:44 | Build | Mining Camp |
| 27:48 | Create | Tarkan |
| 27:48 | Create | Tarkan |
| 28:00 | Create | Villager (Male) |
| 28:01 | Create | Villager (Male) |
| 28:02 | Create | Villager (Male) |
| 28:03 | Create | Villager (Male) |
| 28:04 | Create | Villager (Male) |
| 28:04 | Create | Villager (Male) |
| 28:09 | Build | Farm |
| 28:10 | Build | Farm |
| 28:11 | Create | Monk |
| 28:39 | Create | Tarkan |
| 28:43 | Research | Forging |
| 28:59 | Build | Farm |
| 29:25 | Research | Marauders |
| 29:25 | Create | Tarkan |
| 29:26 | Create | Tarkan |
| 29:50 | Build | Castle |
| 30:04 | Research | Iron Casting |
| 30:04 | Research | Scale Barding Armor |
| 30:10 | Build | Farm |
| 30:11 | Create | Villager (Male) |
| 30:12 | Create | Villager (Male) |
| 30:12 | Create | Villager (Male) |
| 30:12 | Create | Villager (Male) |
| 30:13 | Create | Villager (Male) |
| 30:18 | Build | Farm |
| 30:19 | Build | Farm |
| 30:20 | Build | Farm |
| 30:25 | Build | Farm |
| 30:26 | Build | Farm |
| 30:28 | Build | Farm |
| 30:33 | Build | Lumber Camp |
| 30:36 | Create | Villager (Male) |
| 30:38 | Create | Villager (Male) |
| 30:39 | Create | Villager (Male) |
Build order — Sauleta
First 150 of 360 actions detected
| 0:07 | Create | Villager (Male) |
| 0:08 | Research | Loom |
| 0:09 | Create | Villager (Male) |
| 0:09 | Create | Villager (Male) |
| 0:10 | Create | Villager (Male) |
| 0:44 | Build | House |
| 1:27 | Build | House |
| 3:05 | Build | Settlement |
| 3:08 | Create | Villager (Male) |
| 3:59 | Create | Villager (Male) |
| 4:34 | Create | Villager (Male) |
| 5:33 | Create | Villager (Male) |
| 5:51 | Create | Villager (Male) |
| 6:07 | Create | Villager (Male) |
| 6:27 | Create | Villager (Male) |
| 7:01 | Create | Villager (Male) |
| 7:22 | Create | Villager (Male) |
| 7:55 | Create | Villager (Male) |
| 8:13 | Create | Villager (Male) |
| 8:43 | Build | Settlement |
| 8:58 | Research | Feudal Age |
| 11:00 | Create | Villager (Male) |
| 11:08 | Age | Feudal Age |
| 11:25 | Build | Settlement |
| 11:44 | Research | Town Watch |
| 11:45 | Create | Villager (Male) |
| 13:13 | Build | Market |
| 13:17 | Create | Villager (Male) |
| 13:51 | Build | Settlement |
| 13:57 | Create | Villager (Male) |
| 14:33 | Create | Villager (Male) |
| 15:07 | Create | Villager (Male) |
| 15:24 | Build | Stone Wall |
| 16:02 | Build | Blacksmith |
| 16:09 | Create | Villager (Male) |
| 16:55 | Research | Castle Age |
| 17:17 | Build | Stone Wall |
| 17:24 | Build | Stone Wall |
| 17:27 | Build | Building 490 |
| 17:30 | Build | Stone Wall |
| 17:57 | Build | Farm |
| 18:44 | Build | Farm |
| 18:57 | Build | Farm |
| 19:02 | Build | Farm |
| 19:07 | Build | Farm |
| 19:33 | Create | Trade Cart |
| 19:35 | Age | Castle Age |
| 19:54 | Create | Villager (Male) |
| 21:12 | Build | Town Center |
| 21:16 | Create | Villager (Male) |
| 21:25 | Create | Trade Cart |
| 21:46 | Build | Farm |
| 21:50 | Create | Villager (Male) |
| 22:39 | Build | Monastery |
| 22:43 | Create | Villager (Male) |
| 22:43 | Create | Villager (Male) |
| 23:05 | Build | Stone Wall |
| 23:09 | Build | Building 490 |
| 23:20 | Build | Stone Wall |
| 24:11 | Build | Town Center |
| 24:17 | Build | Farm |
| 24:21 | Create | Villager (Male) |
| 24:25 | Create | Villager (Male) |
| 24:37 | Build | University |
| 24:44 | Research | Double-Bit Axe |
| 24:59 | Build | Farm |
| 25:03 | Build | Farm |
| 25:06 | Create | Villager (Male) |
| 25:09 | Create | Villager (Male) |
| 25:48 | Create | Trade Cart |
| 25:55 | Build | Farm |
| 25:58 | Build | Farm |
| 26:04 | Create | Villager (Male) |
| 26:06 | Create | Villager (Male) |
| 26:29 | Build | Settlement |
| 26:37 | Create | Villager (Male) |
| 26:40 | Create | Villager (Male) |
| 26:51 | Create | Villager (Male) |
| 27:07 | Research | Horse Collar |
| 27:31 | Create | Villager (Male) |
| 27:33 | Create | Villager (Male) |
| 27:35 | Create | Villager (Male) |
| 28:08 | Build | Farm |
| 28:10 | Build | Farm |
| 28:17 | Build | Farm |
| 28:21 | Create | Villager (Male) |
| 28:24 | Create | Villager (Male) |
| 28:26 | Create | Villager (Male) |
| 28:39 | Create | Monk |
| 28:39 | Create | Monk |
| 28:40 | Create | Monk |
| 28:41 | Create | Monk |
| 28:59 | Build | Farm |
| 29:02 | Build | Farm |
| 29:08 | Build | Farm |
| 29:11 | Create | Villager (Male) |
| 29:14 | Create | Villager (Male) |
| 29:16 | Create | Villager (Male) |
| 29:23 | Build | House |
| 29:25 | Build | House |
| 29:26 | Build | House |
| 29:28 | Build | House |
| 29:33 | Research | Gold Mining |
| 29:47 | Research | Stone Mining |
| 29:53 | Build | Farm |
| 30:29 | Build | Stone Wall |
| 30:31 | Build | Stone Wall |
| 30:34 | Build | Building 665 |
| 30:37 | Build | Stone Wall |
| 30:51 | Build | Farm |
| 30:54 | Build | Farm |
| 30:57 | Build | Farm |
| 31:01 | Create | Villager (Male) |
| 31:03 | Create | Villager (Male) |
| 31:05 | Create | Villager (Male) |
| 31:40 | Create | Trade Cart |
| 32:05 | Research | Treadmill Crane |
| 32:09 | Create | Villager (Male) |
| 32:11 | Create | Villager (Male) |
| 32:13 | Create | Villager (Male) |
| 33:06 | Build | Castle |
| 33:12 | Create | Villager (Male) |
| 33:15 | Create | Villager (Male) |
| 33:17 | Create | Villager (Male) |
| 33:47 | Create | Trade Cart |
| 33:48 | Create | Trade Cart |
| 34:00 | Build | Farm |
| 34:06 | Build | Farm |
| 34:08 | Build | Farm |
| 34:13 | Research | Imperial Age |
| 34:17 | Create | Villager (Male) |
| 34:22 | Create | Villager (Male) |
| 34:28 | Build | House |
| 34:29 | Build | House |
| 34:31 | Build | House |
| 34:32 | Build | House |
| 34:45 | Research | Heavy Plow |
| 35:05 | Build | Farm |
| 35:08 | Build | Farm |
| 35:14 | Create | Villager (Male) |
| 35:17 | Create | Villager (Male) |
| 35:21 | Create | Trade Cart |
| 35:45 | Build | Barracks |
| 35:54 | Create | Trade Cart |
| 35:54 | Research | Caravan |
| 35:59 | Create | Villager (Male) |
| 36:01 | Create | Villager (Male) |
| 36:05 | Build | Farm |
| 36:07 | Build | Farm |
| 36:19 | Research | Bow Saw |
Build order — 金将军
First 150 of 360 actions detected
| 0:04 | Create | Villager (Male) |
| 0:04 | Create | Villager (Male) |
| 0:04 | Create | Villager (Male) |
| 0:05 | Create | Villager (Male) |
| 0:05 | Create | Villager (Male) |
| 0:07 | Build | House |
| 0:10 | Build | House |
| 1:31 | Create | Villager (Male) |
| 2:13 | Build | Lumber Camp |
| 2:16 | Create | Villager (Male) |
| 2:33 | Create | Villager (Male) |
| 3:07 | Create | Villager (Male) |
| 3:16 | Create | Villager (Male) |
| 3:44 | Build | House |
| 4:07 | Create | Villager (Male) |
| 4:08 | Create | Villager (Male) |
| 4:40 | Build | Mill |
| 5:13 | Create | Villager (Male) |
| 5:15 | Create | Villager (Male) |
| 6:01 | Create | Villager (Male) |
| 6:11 | Create | Villager (Male) |
| 6:35 | Build | House |
| 6:57 | Build | Farm |
| 6:59 | Build | Farm |
| 7:14 | Build | Farm |
| 7:16 | Create | Villager (Male) |
| 7:44 | Create | Villager (Male) |
| 7:45 | Create | Villager (Male) |
| 7:54 | Build | House |
| 8:50 | Create | Villager (Male) |
| 8:51 | Create | Villager (Male) |
| 10:00 | Research | Feudal Age |
| 11:39 | Create | Villager (Male) |
| 12:18 | Age | Feudal Age |
| 12:27 | Build | Blacksmith |
| 12:30 | Build | Blacksmith |
| 12:35 | Build | Market |
| 13:04 | Build | House |
| 13:34 | Research | Castle Age |
| 14:04 | Build | House |
| 14:15 | Build | Farm |
| 14:25 | Build | Farm |
| 14:38 | Build | House |
| 14:56 | Build | Farm |
| 15:20 | Build | Farm |
| 15:38 | Create | Villager (Male) |
| 15:41 | Create | Villager (Male) |
| 16:14 | Age | Castle Age |
| 16:22 | Build | Town Center |
| 16:30 | Build | Town Center |
| 16:50 | Create | Villager (Male) |
| 17:09 | Create | Villager (Male) |
| 17:24 | Build | Monastery |
| 17:30 | Create | Villager (Male) |
| 17:58 | Create | Villager (Male) |
| 18:14 | Build | Farm |
| 18:31 | Create | Monk |
| 18:36 | Create | Villager (Male) |
| 18:46 | Create | Villager (Male) |
| 18:46 | Create | Villager (Male) |
| 18:46 | Create | Villager (Male) |
| 18:48 | Create | Villager (Male) |
| 18:49 | Create | Villager (Male) |
| 19:01 | Create | Villager (Male) |
| 19:17 | Build | Farm |
| 19:23 | Create | Villager (Male) |
| 19:25 | Create | Villager (Male) |
| 19:28 | Build | Mill |
| 19:36 | Build | Farm |
| 19:41 | Build | Farm |
| 19:42 | Create | Villager (Male) |
| 19:42 | Create | Villager (Male) |
| 19:44 | Create | Villager (Male) |
| 19:50 | Build | Mining Camp |
| 19:53 | Create | Villager (Male) |
| 20:03 | Create | Villager (Male) |
| 20:07 | Build | Farm |
| 20:11 | Build | Farm |
| 20:11 | Build | Farm |
| 20:19 | Create | Villager (Male) |
| 20:31 | Build | Farm |
| 20:32 | Create | Villager (Male) |
| 20:32 | Create | Villager (Male) |
| 20:33 | Create | Villager (Male) |
| 20:36 | Build | Farm |
| 20:38 | Build | Farm |
| 20:41 | Build | Farm |
| 20:50 | Create | Villager (Male) |
| 21:00 | Build | Farm |
| 21:06 | Build | Farm |
| 21:10 | Build | Farm |
| 21:11 | Create | Villager (Male) |
| 21:11 | Create | Villager (Male) |
| 21:12 | Create | Villager (Male) |
| 21:30 | Create | Villager (Male) |
| 21:30 | Create | Villager (Male) |
| 21:31 | Create | Villager (Male) |
| 21:34 | Build | House |
| 21:36 | Build | House |
| 21:39 | Build | House |
| 21:41 | Build | House |
| 21:51 | Build | Farm |
| 21:55 | Build | Farm |
| 22:01 | Build | Farm |
| 22:03 | Build | Farm |
| 22:07 | Create | Villager (Male) |
| 22:07 | Create | Villager (Male) |
| 22:07 | Create | Villager (Male) |
| 22:08 | Create | Villager (Male) |
| 22:12 | Build | Farm |
| 22:28 | Build | Farm |
| 22:31 | Create | Villager (Male) |
| 22:31 | Create | Villager (Male) |
| 22:31 | Create | Villager (Male) |
| 22:34 | Build | Farm |
| 22:43 | Build | Farm |
| 22:50 | Build | Farm |
| 22:55 | Create | Villager (Male) |
| 22:55 | Create | Villager (Male) |
| 23:04 | Build | Farm |
| 23:07 | Build | Farm |
| 23:08 | Create | Villager (Male) |
| 23:08 | Create | Villager (Male) |
| 23:20 | Build | House |
| 23:21 | Build | House |
| 23:22 | Build | House |
| 23:23 | Build | House |
| 23:30 | Create | Villager (Male) |
| 23:31 | Create | Villager (Male) |
| 23:31 | Create | Villager (Male) |
| 23:35 | Build | Farm |
| 23:48 | Build | Town Center |
| 24:12 | Build | Farm |
| 24:13 | Create | Villager (Male) |
| 24:13 | Create | Villager (Male) |
| 24:13 | Create | Villager (Male) |
| 24:18 | Create | Villager (Male) |
| 24:18 | Create | Villager (Male) |
| 24:30 | Research | Double-Bit Axe |
| 24:32 | Research | Horse Collar |
| 24:41 | Research | Gold Mining |
| 24:41 | Research | Stone Mining |
| 24:46 | Build | Farm |
| 24:49 | Create | Villager (Male) |
| 24:49 | Create | Villager (Male) |
| 24:49 | Create | Villager (Male) |
| 24:59 | Build | House |
| 25:01 | Build | House |
| 25:04 | Build | House |
| 25:07 | Build | House |
Build order — super
First 150 of 415 actions detected
| 0:13 | Build | House |
| 0:14 | Build | House |
| 0:16 | Build | House |
| 0:22 | Research | Loom |
| 0:22 | Create | Villager (Male) |
| 0:23 | Create | Villager (Male) |
| 0:23 | Create | Villager (Male) |
| 0:23 | Create | Villager (Male) |
| 0:23 | Create | Villager (Male) |
| 0:24 | Create | Villager (Male) |
| 2:00 | Build | House |
| 2:19 | Create | Villager (Male) |
| 2:39 | Build | Lumber Camp |
| 2:43 | Create | Villager (Male) |
| 2:43 | Create | Villager (Male) |
| 2:44 | Create | Villager (Male) |
| 3:07 | Create | Villager (Male) |
| 3:07 | Create | Villager (Male) |
| 3:37 | Create | Villager (Male) |
| 3:37 | Create | Villager (Male) |
| 4:09 | Create | Villager (Male) |
| 4:09 | Create | Villager (Male) |
| 4:09 | Create | Villager (Male) |
| 4:43 | Create | Villager (Male) |
| 4:44 | Create | Villager (Male) |
| 5:13 | Create | Villager (Male) |
| 5:13 | Create | Villager (Male) |
| 5:54 | Create | Villager (Male) |
| 6:28 | Create | Villager (Male) |
| 6:29 | Create | Villager (Male) |
| 6:52 | Build | Mining Camp |
| 7:07 | Build | Mill |
| 7:13 | Create | Villager (Male) |
| 7:14 | Create | Villager (Male) |
| 7:35 | Create | Villager (Male) |
| 8:06 | Create | Villager (Male) |
| 9:00 | Build | Farm |
| 9:14 | Create | Villager (Male) |
| 9:58 | Research | Feudal Age |
| 10:13 | Build | House |
| 10:53 | Build | House |
| 11:38 | Build | Farm |
| 12:07 | Build | Farm |
| 12:08 | Age | Feudal Age |
| 12:14 | Create | Villager (Male) |
| 12:14 | Create | Villager (Male) |
| 12:27 | Build | Market |
| 13:00 | Build | Blacksmith |
| 13:17 | Create | Villager (Male) |
| 13:23 | Build | Farm |
| 13:53 | Create | Villager (Male) |
| 14:01 | Build | Farm |
| 14:26 | Build | Farm |
| 14:54 | Research | Castle Age |
| 15:03 | Build | Farm |
| 15:06 | Build | Farm |
| 15:08 | Build | Farm |
| 15:12 | Build | Farm |
| 15:26 | Build | Farm |
| 15:34 | Build | Farm |
| 16:15 | Research | Horse Collar |
| 17:31 | Research | Double-Bit Axe |
| 17:34 | Age | Castle Age |
| 17:47 | Build | Town Center |
| 18:37 | Build | Town Center |
| 18:43 | Create | Villager (Male) |
| 18:43 | Create | Villager (Male) |
| 19:19 | Create | Villager (Male) |
| 19:22 | Create | Villager (Male) |
| 19:26 | Create | Villager (Male) |
| 19:27 | Create | Villager (Male) |
| 19:27 | Create | Villager (Male) |
| 19:27 | Create | Villager (Male) |
| 19:30 | Research | Wheelbarrow |
| 20:13 | Create | Villager (Male) |
| 20:13 | Create | Villager (Male) |
| 20:17 | Create | Villager (Male) |
| 20:17 | Create | Villager (Male) |
| 20:20 | Research | Stone Mining |
| 20:34 | Build | Farm |
| 20:43 | Create | Villager (Male) |
| 20:43 | Create | Villager (Male) |
| 20:44 | Create | Villager (Male) |
| 20:52 | Build | Farm |
| 20:57 | Build | Farm |
| 21:07 | Research | Heavy Plow |
| 21:26 | Build | Farm |
| 21:35 | Create | Villager (Male) |
| 21:46 | Build | Farm |
| 21:55 | Research | Bow Saw |
| 22:00 | Build | Farm |
| 22:11 | Create | Villager (Male) |
| 22:11 | Create | Villager (Male) |
| 22:11 | Create | Villager (Male) |
| 22:16 | Build | House |
| 22:17 | Build | House |
| 22:37 | Build | Town Center |
| 22:50 | Create | Villager (Male) |
| 22:50 | Create | Villager (Male) |
| 22:51 | Create | Villager (Male) |
| 22:57 | Create | Villager (Male) |
| 22:57 | Create | Villager (Male) |
| 23:07 | Build | Farm |
| 23:14 | Build | Farm |
| 23:32 | Build | Farm |
| 23:47 | Create | Villager (Male) |
| 23:47 | Create | Villager (Male) |
| 23:54 | Build | House |
| 23:56 | Build | House |
| 24:08 | Build | House |
| 24:09 | Build | House |
| 24:11 | Build | House |
| 24:12 | Build | House |
| 24:20 | Create | Villager (Male) |
| 24:20 | Create | Villager (Male) |
| 24:20 | Create | Villager (Male) |
| 24:20 | Create | Villager (Male) |
| 24:22 | Create | Villager (Male) |
| 24:22 | Create | Villager (Male) |
| 24:31 | Research | Hand Cart |
| 24:55 | Build | Farm |
| 24:58 | Build | Farm |
| 25:31 | Build | Castle |
| 25:39 | Build | Farm |
| 26:01 | Build | Barracks |
| 26:10 | Create | Villager (Male) |
| 26:10 | Create | Villager (Male) |
| 26:10 | Create | Villager (Male) |
| 26:10 | Create | Villager (Male) |
| 26:10 | Create | Villager (Male) |
| 26:39 | Build | Lumber Camp |
| 26:46 | Research | Gold Mining |
| 26:54 | Build | Farm |
| 26:58 | Create | Villager (Male) |
| 26:58 | Create | Villager (Male) |
| 26:59 | Create | Villager (Male) |
| 27:04 | Create | Villager (Male) |
| 27:04 | Create | Villager (Male) |
| 27:04 | Create | Villager (Male) |
| 27:04 | Create | Villager (Male) |
| 27:11 | Build | Farm |
| 27:14 | Create | Villager (Male) |
| 27:15 | Create | Villager (Male) |
| 27:15 | Create | Villager (Male) |
| 27:16 | Create | Villager (Male) |
| 27:33 | Build | Farm |
| 27:40 | Create | Villager (Male) |
| 27:40 | Create | Villager (Male) |
| 27:40 | Create | Villager (Male) |
| 27:48 | Research | Caravan |
Match timeline
| 9:21 | Soldaris · age_up feudal |
| 9:52 | bouba13012 · first_building Donjon |
| 10:31 | frizboum · first_building Barracks |
| 11:08 | Sauleta · age_up feudal |
| 12:08 | super · age_up feudal |
| 12:18 | 金将军 · age_up feudal |
| 12:58 | GR EU NATO · first_building Barracks |
| 13:12 | Pu_Wexa · age_up feudal |
| 13:33 | 金将军 · first_market_sell 100 wood |
| 14:01 | GR EU NATO · age_up feudal |
| 14:33 | bouba13012 · age_up feudal |
| 15:24 | Sauleta · wall_segment Stone Wall x1 |
| 16:03 | Soldaris · first_market_buy 100 food |
| 16:14 | 金将军 · age_up castle |
| 17:17 | Sauleta · wall_segment Stone Wall x2 |
| 17:24 | Sauleta · wall_segment Stone Wall x8 |
| 17:24 | 金将军 · first_building Monastery |
| 17:26 | Soldaris · first_market_sell 100 wood |
| 17:30 | Sauleta · wall_segment Stone Wall x7 |
| 17:34 | super · age_up castle |
| 17:45 | frizboum · wall_segment Stone Wall x26 |
| 18:26 | Pu_Wexa · first_building Barracks |
| 19:35 | Sauleta · age_up castle |
| 20:24 | Soldaris · age_up castle |
| 21:39 | Pu_Wexa · age_up castle |
| 21:39 | bouba13012 · age_up castle |
| 22:11 | bouba13012 · first_building Monastery |
| 22:39 | Sauleta · first_building Monastery |
| 23:05 | Sauleta · wall_segment Stone Wall x8 |
| 23:20 | Sauleta · wall_segment Stone Wall x15 |
| 25:31 | super · first_building Castle |
| 25:37 | frizboum · first_building Siege Workshop |
| 26:01 | super · first_building Barracks |
| 26:02 | Pu_Wexa · first_market_buy 100 stone |
| 26:20 | Soldaris · first_building Castle |
| 26:34 | Pu_Wexa · first_building Castle |
| 26:59 | Soldaris · first_building Monastery |
| 28:04 | Pu_Wexa · first_building Stable |
| 28:14 | GR EU NATO · age_up castle |
| 28:23 | frizboum · first_building Monastery |
| 28:33 | bouba13012 · first_building Castle |
| 28:49 | 金将军 · first_building Castle |
| 28:59 | super · first_building Stable |
| 30:29 | Sauleta · wall_segment Stone Wall x15 |
| 30:31 | Sauleta · wall_segment Stone Wall x1 |
| 30:37 | Sauleta · wall_segment Stone Wall x3 |
| 31:02 | super · first_building Siege Workshop |
| 31:55 | super · age_up imperial |
| 32:01 | GR EU NATO · resign |
| 32:27 | frizboum · first_market_sell 100 wood |
| 32:30 | frizboum · first_market_buy 100 food |
| 33:06 | Sauleta · first_building Castle |
| 33:13 | 金将军 · first_building Barracks |
| 33:17 | 金将军 · first_building Siege Workshop |
| 34:29 | frizboum · first_building Archery Range |
| 34:33 | bouba13012 · age_up imperial |
| 34:34 | 金将军 · first_building Archery Range |
| 34:34 | bouba13012 · first_building Siege Workshop |
| 34:38 | 金将军 · first_building Stable |
| 35:05 | Pu_Wexa · age_up imperial |
| 35:19 | 金将军 · age_up imperial |
| 35:45 | Sauleta · first_building Barracks |
| 36:17 | Soldaris · first_building Barracks |
| 37:04 | Soldaris · first_building Stable |
| 37:23 | Sauleta · age_up imperial |
| 37:46 | Soldaris · age_up imperial |
| 38:09 | frizboum · first_building Castle |
| 43:17 | 金将军 · wall_segment Stone Wall x3 |
| 45:35 | Soldaris · first_building Archery Range |
| 46:12 | Sauleta · first_building Archery Range |
| 46:59 | Pu_Wexa · first_market_sell 100 wood |
| 52:50 | Sauleta · first_market_buy 100 wood |
| 53:39 | bouba13012 · first_building Barracks |
| 53:53 | Sauleta · wall_segment Stone Wall x1 |
| 54:29 | bouba13012 · first_market_buy 100 stone |
[ AI ANALYSIS · 1 CREDIT ]
What really happened in this match?
Wolo.gg analyzes every decision: build order, eco, micro, common mistakes by bracket. Personalized analysis on WhatsApp or Discord in 30 seconds.
Civ guide
Celts
Map guide
Arena
Perfil
frizboum